NULL
Full Scoreboard »»

Panthers vs Coyotes

Created - February 26, 2024 at 00:42

Goals
1 2 3 T
Panthers 3 1 1 5
Coyotes 1 1 0 2
Shots
1 2 3 T
Panthers 12 16 3 31
Coyotes 11 12 5 28

GoalsPenalties
1st period
1. Panthers , Jesper Fast 9 (Jaden Schwartz 20, Jack Hughes 24) at 8:06
2. Panthers , Jaden Schwartz 19 (Jack Hughes 25, Jesper Fast 11) at 8:20
3. Coyotes , Alexander Barabanov 20 (Scott Laughton 22, Jason Zucker 19) at 9:08
4. Panthers , Bo Horvat 23 (Adam Lowry 15) at 16:02
Niko Mikkola (FLA) for Tripping (Minor) at 10:23
2nd period
5. Panthers , Jaden Schwartz 20 (Jack Hughes 26) at 12:31
6. Coyotes , Matt Duchene 13 (Evgeny Kuznetsov 21) at 19:11
Devin Shore (ARI) for Holding (Minor) at 0:28
3rd period
7. Panthers , Bo Horvat 24 (Mason Appleton 15) at 11:34
Jaden Schwartz (FLA) for Tripping (Minor) at 2:01
Steven Lorentz (ARI) for Slashing (Minor) at 12:06
Goalie Stats
Darcy Kuemper (FLA), 26 saves from 28 shots - (0.929), W, 18-16-3, 60:00 minutes
Kaapo Kahkonen (ARI), 26 saves from 31 shots - (0.839), L, 5-5-2, 60:00 minutes
3 StarsOfficial
1 - Jaden Schwartz (FLA)
2 - Bo Horvat (FLA)
3 - Jesper Fast (FLA)
Referees : Unknown
Linesman : Unknown
Game Note
8:06 of 1st period - Panthers goal is going for a video replay. After video review, Goal.
Robby Fabbri is injured at 14:10 of 1st period (Torso)



Team Name Goals Shots Shots Attemp Shots Blocked PIM HIT PP PK FO%
Panthers 53154104250 / 2 (0%)047%
Coyotes 2285094300 / 2 (0%)053%

Panthers
Player Name POS G A P +/- PIM HIT SHT SB MP PP MP PP SHT PK MP PK SHT FO% FOT GA TA
Adam LowryC/LW0112042117:141:5400:1400% 110
Axel Sandin-PellikkaD0001002119:451:5402:0300% 000
Bo HorvatC2022016119:041:5402:02057% 1421
Connor DewarC000000001:300:0000:0000% 000
Dmitry KulikovD0000000016:080:0000:0000% 001
Dmitry OrlovD0002012224:072:0401:5500% 010
Eetu LuostarinenC/LW000-1051115:270:0000:0000% 000
Ethan BearD0001002219:451:5402:0300% 000
Jack HughesC0332015023:542:0402:02044% 3201
Jaden SchwartzC/LW2132224016:542:0400:520100% 130
Jeff PetryD0002011024:072:0401:5500% 000
Jesper FastLW/RW1122012015:482:0400:00033% 301
Mason AppletonLW/RW0112000017:001:5400:0000% 001
Michael McLeodC000000008:220:0000:50075% 401
Nazem KadriC000-1034017:360:0001:56030% 1010
Niko MikkolaD0000220116:200:0000:0000% 000
Ondrej KaseLW/RW000-1040015:270:0000:0000% 000
Zack KassianLW/RW000000017:320:0000:000100% 100
Coyotes
Player Name POS G A P +/- PIM HIT SHT SB MP PP MP PP SHT PK MP PK SHT FO% FOT GA TA
Alexander BarabanovRW1010014017:101:5400:0000% 000
Colin WhiteC000-2030015:110:0001:52023% 1301
Connor CliftonD0000010016:100:0001:5600% 000
Darnell NurseD0001012016:171:5500:0000% 011
Devin ShoreC/LW/RW000-3231119:300:0000:540100% 100
Evgeny KuznetsovC/LW/RW0110011115:561:5400:5100% 010
Ivan ProvorovD0001020018:201:5502:0200% 000
Jason ZuckerLW/RW0110002214:432:0410:0000% 001
Jonathan DrouinC/LW/RW000-2020013:240:0000:00050% 210
Marco ScandellaD0000000016:170:0002:0200% 001
Matt DucheneC/LW/RW1010023015:051:5400:00067% 1820
Olli MaattaD000-4032427:262:0311:5600% 012
Patric HornqvistLW/RW000-1013016:280:0001:30050% 200
Robby FabbriC/LW/RW000001002:450:0000:0000% 000
Scott LaughtonC/LW0110050116:432:0402:00073% 1100
Steven LorentzC000-1212013:410:0000:49044% 1801
T.J. BrodieD000-4033025:302:0310:0000% 000
Tomas TatarC/LW/RW0000005015:242:0420:000100% 101

Panthers

5 vs 5 Forward
Line #Left WingCenterRight WingPHYDFOFWanted %Time %Time Play
1Jaden SchwartzJack HughesJesper Fast1223026%13:46
2Adam LowryBo HorvatMason Appleton1223029%15:19
3Eetu LuostarinenNazem KadriOndrej Kase1223030%15:27
4Zack KassianMichael McLeodJack Hughes1221014%7:32
5 vs 5 Defense
Line #DefenseDefensePHYDFOFWanted %Time %Time Play
1Dmitry OrlovJeff Petry1223030%15:30
2Ethan BearAxel Sandin-Pellikka1223030%15:48
3Dmitry KulikovNiko Mikkola1223031%16:08
4Dmitry OrlovJeff Petry122109%4:38
Power Play Forward
Line #Left WingCenterRight WingPHYDFOFWanted %Time %Time Play
1Jaden SchwartzJack HughesJesper Fast1225052%2:04
2Adam LowryBo HorvatMason Appleton1225048%1:54
Power Play Defense
Line #DefenseDefensePHYDFOFWanted %Time %Time Play
1Dmitry OrlovJeff Petry1225052%2:04
2Ethan BearAxel Sandin-Pellikka1225048%1:54
Penalty Kill 4 Players Forward
Line #CenterWingPHYDFOFWanted %Time %Time Play
1Jack HughesBo Horvat1225051%2:02
2Nazem KadriJaden Schwartz1225049%1:56
Penalty Kill 4 Players Defense
Line #DefenseDefensePHYDFOFWanted %Time %Time Play
1Dmitry OrlovJeff Petry1225048%1:55
2Ethan BearAxel Sandin-Pellikka1225052%2:03
Penalty Kill 3 Players
Line #WingPHYDFOFWanted %Time %Time PlayDefenseDefensePHYDFOFWanted %Time %Time Play
1Jack Hughes122500%0:00 Dmitry OrlovJeff Petry122500%0:00
2Bo Horvat122500%0:00 Ethan BearAxel Sandin-Pellikka122500%0:00
4 vs 4 Forward
Line #CenterWingPHYDFOFWanted %Time %Time Play
1Jack HughesBo Horvat122500%0:00
2Nazem KadriJaden Schwartz122500%0:00
4 vs 4 Defense
Line #DefensePHYDFOFWanted %Time %Time Play
1Dmitry OrlovJeff Petry122500%0:00
2Ethan BearAxel Sandin-Pellikka122500%0:00
Last Minutes Offensive
Left WingCenterRight WingDefenseDefense
Jaden SchwartzJack HughesJesper FastDmitry OrlovJeff Petry
Last Minutes Defensive
Left WingCenterRight WingDefenseDefense
Jaden SchwartzJack HughesJesper FastDmitry OrlovJeff Petry
Time
Total ForwardTotal DefenseLast Minutes OffensiveLast Minutes Defensive
60:00 60:00 0:000:00
Extra Forwards
Normal PowerPlayPenalty Kill
Connor Dewar, Eetu Luostarinen, Michael McLeodConnor Dewar, Eetu LuostarinenMichael McLeod
Extra Defensemen
Normal PowerPlayPenalty Kill
Dmitry Kulikov, Niko Mikkola, Ethan BearDmitry Kulikov, Niko MikkolaEthan Bear
Penalty Shots
Jack Hughes, Bo Horvat, Nazem Kadri, Jaden Schwartz, Adam Lowry
Goalie
Darcy Kuemper, Philipp Grubauer
Custom OT Lines Forwards
Jack Hughes, Bo Horvat, Nazem Kadri, Jaden Schwartz, Adam Lowry, Eetu Luostarinen, Jesper Fast, Mason Appleton, Michael McLeod, Ondrej Kase
Custom OT Lines Defensemen
Dmitry Orlov, Jeff Petry, Ethan Bear, Axel Sandin-Pellikka, Dmitry Kulikov
Scratches
Marek Alscher (Healthy), Riley Nash (Healthy)

Coyotes

5 vs 5 Forward
Line #Left WingCenterRight WingPHYDFOFWanted %Time %Time Play
1Evgeny KuznetsovMatt DucheneTomas Tatar2122525%13:12
2Jason ZuckerScott LaughtonAlexander Barabanov2122524%12:39
3Jonathan DrouinColin WhiteRobby Fabbri2122526%13:24
4Patric HornqvistSteven LorentzDevin Shore2122525%12:49
5 vs 5 Defense
Line #DefenseDefensePHYDFOFWanted %Time %Time Play
1Ivan ProvorovDarnell Nurse2212528%14:22
2T.J. BrodieOlli Maatta2212522%11:39
3Connor CliftonMarco Scandella2212527%14:14
4Olli MaattaT.J. Brodie2212523%11:49
Power Play Forward
Line #Left WingCenterRight WingPHYDFOFWanted %Time %Time Play
1Evgeny KuznetsovMatt DucheneAlexander Barabanov2125048%1:54
2Jason ZuckerScott LaughtonTomas Tatar2125052%2:04
Power Play Defense
Line #DefenseDefensePHYDFOFWanted %Time %Time Play
1Darnell NurseIvan Provorov2215048%1:55
2T.J. BrodieOlli Maatta2215052%2:03
Penalty Kill 4 Players Forward
Line #CenterWingPHYDFOFWanted %Time %Time Play
1Robby FabbriScott Laughton1135068%2:41
2Colin WhiteDevin Shore1135032%1:17
Penalty Kill 4 Players Defense
Line #DefenseDefensePHYDFOFWanted %Time %Time Play
1Connor CliftonOlli Maatta1315049%1:56
2Ivan ProvorovMarco Scandella1315051%2:02
Penalty Kill 3 Players
Line #WingPHYDFOFWanted %Time %Time PlayDefenseDefensePHYDFOFWanted %Time %Time Play
1Colin White113500%0:00 Connor CliftonOlli Maatta131500%0:00
2Patric Hornqvist113500%0:00 T.J. BrodieMarco Scandella131500%0:00
4 vs 4 Forward
Line #CenterWingPHYDFOFWanted %Time %Time Play
1Matt DucheneTomas Tatar113500%0:00
2Evgeny KuznetsovJason Zucker113500%0:00
4 vs 4 Defense
Line #DefensePHYDFOFWanted %Time %Time Play
1Olli MaattaT.J. Brodie131500%0:00
2Ivan ProvorovMarco Scandella131500%0:00
Last Minutes Offensive
Left WingCenterRight WingDefenseDefense
Evgeny KuznetsovMatt DucheneTomas TatarOlli MaattaIvan Provorov
Last Minutes Defensive
Left WingCenterRight WingDefenseDefense
Jonathan DrouinScott LaughtonJason ZuckerDarnell NurseT.J. Brodie
Time
Total ForwardTotal DefenseLast Minutes OffensiveLast Minutes Defensive
60:00 60:00 0:000:00
Extra Forwards
Normal PowerPlayPenalty Kill
Devin Shore, Patric Hornqvist, Colin WhiteEvgeny Kuznetsov, Robby FabbriPatric Hornqvist
Extra Defensemen
Normal PowerPlayPenalty Kill
T.J. Brodie, Olli Maatta, Connor CliftonDarnell Nurse, Marco ScandellaConnor Clifton
Penalty Shots
Alexander Barabanov, Matt Duchene, Evgeny Kuznetsov, Jonathan Drouin, Tomas Tatar
Goalie
Kaapo Kahkonen, Vitek Vanecek
Custom OT Lines Forwards
Evgeny Kuznetsov, Jonathan Drouin, Matt Duchene, Tomas Tatar, Jason Zucker, Alexander Barabanov, Scott Laughton, Colin White, Robby Fabbri, Steven Lorentz
Custom OT Lines Defensemen
Ivan Provorov, T.J. Brodie, Darnell Nurse, Marco Scandella, Olli Maatta
Scratches
Brendan Smith (Healthy), Haydn Fleury (Healthy), Mathieu Perreault (Healthy)


Play-by-Play

1st period


0:01 of 1st period - Matt Duchene wins face-off versus Jesper Fast in neutral zone.
0:10 of 1st period - Wrist shot by Matt Duchene.
0:10 of 1st period - Stopped by Darcy Kuemper with a rebound.
0:12 of 1st period - Wrist shot by Darnell Nurse.
0:12 of 1st period - Deflect By Tomas Tatar.
0:12 of 1st period - Stopped by Darcy Kuemper without a rebound.
0:13 of 1st period - Scott Laughton wins face-off versus Bo Horvat in Panthers zone.
0:16 of 1st period - Wrist shot by Alexander Barabanov.
0:16 of 1st period - Shot Misses the Net.
0:18 of 1st period - Slapshot by T.J. Brodie.
0:18 of 1st period - Stopped by Darcy Kuemper without a rebound.
0:19 of 1st period - Bo Horvat wins face-off versus Scott Laughton in Panthers zone.
0:19 of 1st period - Bo Horvat is hit by Scott Laughton.
0:25 of 1st period - T.J. Brodie is hit by Bo Horvat and loses puck.
0:44 of 1st period - Olli Maatta is hit by Nazem Kadri and loses puck.
1:33 of 1st period - Icing by Tomas Tatar.
1:34 of 1st period - Matt Duchene wins face-off versus Nazem Kadri in Coyotes zone.
1:49 of 1st period - Backhand shot by Evgeny Kuznetsov.
1:49 of 1st period - Shot Blocked by Eetu Luostarinen.
2:07 of 1st period - Icing by Dmitry Orlov.
2:08 of 1st period - Nazem Kadri wins face-off versus Steven Lorentz in Panthers zone.
2:28 of 1st period - Backhand shot by Nazem Kadri.
2:28 of 1st period - Shot Misses the Net.
2:30 of 1st period - Slapshot by Dmitry Orlov.
2:30 of 1st period - Deflect By Nazem Kadri.
2:30 of 1st period - Stopped by Kaapo Kahkonen without a rebound.
2:31 of 1st period - Jack Hughes wins face-off versus Colin White in Coyotes zone.
2:57 of 1st period - Dmitry Kulikov is hit by Scott Laughton and loses puck.
3:01 of 1st period - Icing by Adam Lowry.
3:02 of 1st period - Scott Laughton wins face-off versus Bo Horvat in Panthers zone.
3:11 of 1st period - Wrist shot by Jason Zucker.
3:11 of 1st period - Deflect By Alexander Barabanov.
3:11 of 1st period - Stopped by Darcy Kuemper with a rebound.
3:25 of 1st period - Wrist shot by Bo Horvat.
3:25 of 1st period - Stopped by Kaapo Kahkonen without a rebound.
3:26 of 1st period - Jack Hughes wins face-off versus Steven Lorentz in Coyotes zone.
4:38 of 1st period - Wrist shot by Matt Duchene.
4:38 of 1st period - Stopped by Darcy Kuemper without a rebound.
4:39 of 1st period - Devin Shore wins face-off versus Jack Hughes in Panthers zone.
5:04 of 1st period - Adam Lowry is hit by Colin White and loses puck.
5:51 of 1st period - Icing by Devin Shore.
5:52 of 1st period - Steven Lorentz wins face-off versus Bo Horvat in Coyotes zone.
5:52 of 1st period - Steven Lorentz is hit by Adam Lowry.
6:18 of 1st period - Steven Lorentz is hit by Eetu Luostarinen and loses puck.
7:31 of 1st period - Slapshot by Eetu Luostarinen.
7:31 of 1st period - Deflect By Ondrej Kase.
7:31 of 1st period - Shot Misses the Net.
7:31 of 1st period - Puck is out of play.
7:32 of 1st period - Jonathan Drouin wins face-off versus Nazem Kadri in Coyotes zone.
7:37 of 1st period - Wrist shot by Colin White.
7:37 of 1st period - Shot Blocked by Dmitry Orlov.
8:02 of 1st period - Wrist shot by Jaden Schwartz.
8:02 of 1st period - Shot Blocked by Scott Laughton.
8:04 of 1st period - Snap shot by Jesper Fast.
8:04 of 1st period - Stopped by Kaapo Kahkonen with a rebound.
8:06 of 1st period - Wrist shot by Jesper Fast.
8:06 of 1st period - Panthers goal is going for a video replay.
8:06 of 1st period - The goal is good.
8:06 of 1st period - Goal by Jesper Fast - Panthers : 1 - Coyotes : 0.
8:07 of 1st period - Jack Hughes wins face-off versus Matt Duchene in neutral zone.
8:12 of 1st period - Wrist shot by Jaden Schwartz.
8:12 of 1st period - Shot Blocked by Evgeny Kuznetsov.
8:14 of 1st period - Snap shot by Jesper Fast.
8:14 of 1st period - Shot Misses the Net.
8:16 of 1st period - Slapshot by Jack Hughes.
8:16 of 1st period - Stopped by Kaapo Kahkonen with a rebound.
8:18 of 1st period - Slapshot by Jaden Schwartz.
8:18 of 1st period - Stopped by Kaapo Kahkonen with a rebound.
8:20 of 1st period - Snap shot by Jaden Schwartz.
8:20 of 1st period - Goal by Jaden Schwartz - Panthers : 2 - Coyotes : 0.
8:21 of 1st period - Jack Hughes wins face-off versus Scott Laughton in neutral zone.
8:49 of 1st period - Darnell Nurse is hit by Jaden Schwartz and loses puck.
9:08 of 1st period - Wrist shot by Scott Laughton.
9:08 of 1st period - Deflect By Alexander Barabanov.
9:08 of 1st period - Deflect By Dmitry Orlov.
9:08 of 1st period - Goal by Alexander Barabanov - Panthers : 2 - Coyotes : 1.
9:09 of 1st period - Tomas Tatar wins face-off versus Bo Horvat in neutral zone.
9:35 of 1st period - Ondrej Kase is hit by Robby Fabbri.
9:58 of 1st period - Dmitry Kulikov is hit by Scott Laughton and loses puck.
10:03 of 1st period - Wrist shot by Alexander Barabanov.
10:03 of 1st period - Stopped by Darcy Kuemper without a rebound.
10:04 of 1st period - Matt Duchene wins face-off versus Bo Horvat in Panthers zone.
10:18 of 1st period - Icing by Matt Duchene.
10:19 of 1st period - Matt Duchene wins face-off versus Jack Hughes in Coyotes zone.
10:23 of 1st period - Minor Penalty to Niko Mikkola for Tripping.
10:24 of 1st period - Matt Duchene wins face-off versus Jack Hughes in Panthers zone.
10:24 of 1st period - Snap shot by Evgeny Kuznetsov.
10:24 of 1st period - Shot Misses the Net.
11:04 of 1st period - Snap shot by Tomas Tatar.
11:04 of 1st period - Stopped by Darcy Kuemper without a rebound.
11:05 of 1st period - Scott Laughton wins face-off versus Jack Hughes in Panthers zone.
11:40 of 1st period - Slapshot by Evgeny Kuznetsov.
11:40 of 1st period - Shot Misses the Net.
11:42 of 1st period - Slapshot by Olli Maatta.
11:42 of 1st period - Stopped by Darcy Kuemper with a rebound.
11:44 of 1st period - Snap shot by T.J. Brodie.
11:44 of 1st period - Stopped by Darcy Kuemper without a rebound.
11:45 of 1st period - Jack Hughes wins face-off versus Matt Duchene in Panthers zone.
12:08 of 1st period - Jeff Petry is hit by Scott Laughton and loses puck.
12:13 of 1st period - Snap shot by Tomas Tatar.
12:13 of 1st period - Shot Misses the Net.
12:15 of 1st period - Snap shot by Jason Zucker.
12:15 of 1st period - Stopped by Darcy Kuemper without a rebound.
12:16 of 1st period - Scott Laughton wins face-off versus Nazem Kadri in Panthers zone.
12:23 of 1st period - Penalty to Niko Mikkola is over, Niko Mikkola is back on ice.
12:29 of 1st period - Wrist shot by Jason Zucker.
12:29 of 1st period - Shot Misses the Net.
12:48 of 1st period - Slapshot by Axel Sandin-Pellikka.
12:48 of 1st period - Stopped by Kaapo Kahkonen with a rebound.
12:50 of 1st period - Snap shot by Ethan Bear.
12:50 of 1st period - Stopped by Kaapo Kahkonen with a rebound.
13:20 of 1st period - Dmitry Orlov is hit by Olli Maatta and loses puck.
13:55 of 1st period - Darnell Nurse is hit by Adam Lowry and loses puck.
14:01 of 1st period - Icing by Ivan Provorov.
14:02 of 1st period - Bo Horvat wins face-off versus Colin White in Coyotes zone.
14:09 of 1st period - Robby Fabbri is hit by Adam Lowry and loses puck.
14:10 of 1st period - Robby Fabbri from Coyotes is injured at 14:10 of 1st period (Torso).
14:11 of 1st period - Matt Duchene wins face-off versus Jack Hughes in Coyotes zone.
14:36 of 1st period - T.J. Brodie is hit by Niko Mikkola and loses puck.
15:01 of 1st period - Slapshot by Mason Appleton.
15:01 of 1st period - Shot Blocked by Jason Zucker.
15:03 of 1st period - Wrist shot by Bo Horvat.
15:03 of 1st period - Shot Blocked by Jason Zucker.
15:05 of 1st period - Wrist shot by Bo Horvat.
15:05 of 1st period - Shot Misses the Net.
15:07 of 1st period - Snap shot by Bo Horvat.
15:07 of 1st period - Deflect By Adam Lowry.
15:07 of 1st period - Stopped by Kaapo Kahkonen without a rebound.
15:08 of 1st period - Jaden Schwartz wins face-off versus Matt Duchene in Coyotes zone.
15:34 of 1st period - Matt Duchene is hit by Adam Lowry and loses puck.
15:54 of 1st period - Icing by Jeff Petry.
15:55 of 1st period - Bo Horvat wins face-off versus Colin White in Panthers zone.
16:00 of 1st period - Wrist shot by Adam Lowry.
16:00 of 1st period - Shot Misses the Net.
16:02 of 1st period - Snap shot by Bo Horvat.
16:02 of 1st period - Goal by Bo Horvat - Panthers : 3 - Coyotes : 1.
16:03 of 1st period - Colin White wins face-off versus Jack Hughes in neutral zone.
16:30 of 1st period - Eetu Luostarinen is hit by T.J. Brodie and loses puck.
17:15 of 1st period - Devin Shore is hit by Jack Hughes and loses puck.
17:47 of 1st period - Ondrej Kase is hit by Jonathan Drouin.
18:38 of 1st period - Off-side.
18:39 of 1st period - Bo Horvat wins face-off versus Colin White in neutral zone.
18:42 of 1st period - Slapshot by Axel Sandin-Pellikka.
18:42 of 1st period - Stopped by Kaapo Kahkonen without a rebound.
18:43 of 1st period - Jack Hughes wins face-off versus Steven Lorentz in Coyotes zone.
19:23 of 1st period - Mason Appleton is hit by T.J. Brodie and loses puck.
Goals for this period are 3 for Panthers vs 1 for Coyotes.
Shots for this period are 12 for Panthers vs 11 for Coyotes.

2nd period


0:01 of 2nd period - Steven Lorentz wins face-off versus Jesper Fast in neutral zone.
0:06 of 2nd period - Slapshot by Darnell Nurse.
0:06 of 2nd period - Stopped by Darcy Kuemper without a rebound.
0:07 of 2nd period - Steven Lorentz wins face-off versus Jack Hughes in Panthers zone.
0:22 of 2nd period - Wrist shot by Jaden Schwartz.
0:22 of 2nd period - Stopped by Kaapo Kahkonen with a rebound.
0:28 of 2nd period - Minor Penalty to Devin Shore for Holding.
0:29 of 2nd period - Patric Hornqvist wins face-off versus Jack Hughes in Coyotes zone.
0:58 of 2nd period - Adam Lowry is hit by Scott Laughton.
1:34 of 2nd period - Adam Lowry is hit by Colin White and loses puck.
2:28 of 2nd period - Penalty to Devin Shore is over, Devin Shore is back on ice.
2:33 of 2nd period - Ethan Bear is hit by Olli Maatta and loses puck.
2:40 of 2nd period - Adam Lowry is hit by Matt Duchene and loses puck.
3:00 of 2nd period - Olli Maatta is hit by Ondrej Kase and loses puck.
3:09 of 2nd period - Nazem Kadri is hit by Devin Shore and loses puck.
3:18 of 2nd period - Colin White is hit by Eetu Luostarinen.
3:32 of 2nd period - Wrist shot by Nazem Kadri.
3:32 of 2nd period - Stopped by Kaapo Kahkonen without a rebound.
3:33 of 2nd period - Michael McLeod wins face-off versus Matt Duchene in Coyotes zone.
3:34 of 2nd period - Wrist shot by Jack Hughes.
3:34 of 2nd period - Shot Misses the Net.
3:44 of 2nd period - Snap shot by Tomas Tatar.
3:44 of 2nd period - Deflect By Jack Hughes.
3:44 of 2nd period - Stopped by Darcy Kuemper with a rebound.
4:47 of 2nd period - Slapshot by Patric Hornqvist.
4:47 of 2nd period - Stopped by Darcy Kuemper with a rebound.
5:09 of 2nd period - Snap shot by Bo Horvat.
5:09 of 2nd period - Stopped by Kaapo Kahkonen with a rebound.
5:26 of 2nd period - Snap shot by Evgeny Kuznetsov.
5:26 of 2nd period - Shot Blocked by Ethan Bear.
5:36 of 2nd period - Wrist shot by Evgeny Kuznetsov.
5:36 of 2nd period - Stopped by Darcy Kuemper with a rebound.
6:08 of 2nd period - Off-side.
6:09 of 2nd period - Jack Hughes wins face-off versus Matt Duchene in neutral zone.
6:16 of 2nd period - Snap shot by Jaden Schwartz.
6:16 of 2nd period - Shot Blocked by Olli Maatta.
6:47 of 2nd period - Wrist shot by Jesper Fast.
6:47 of 2nd period - Shot Blocked by Olli Maatta.
7:05 of 2nd period - Dmitry Kulikov is hit by Ivan Provorov and loses puck.
7:29 of 2nd period - Wrist shot by Nazem Kadri.
7:29 of 2nd period - Stopped by Kaapo Kahkonen without a rebound.
7:30 of 2nd period - Bo Horvat wins face-off versus Scott Laughton in Coyotes zone.
7:45 of 2nd period - Mason Appleton is hit by Alexander Barabanov and loses puck.
8:02 of 2nd period - Snap shot by Jeff Petry.
8:02 of 2nd period - Stopped by Kaapo Kahkonen without a rebound.
8:03 of 2nd period - Nazem Kadri wins face-off versus Colin White in Coyotes zone.
8:04 of 2nd period - Snap shot by Eetu Luostarinen.
8:04 of 2nd period - Stopped by Kaapo Kahkonen without a rebound.
8:05 of 2nd period - Nazem Kadri wins face-off versus Colin White in Coyotes zone.
9:21 of 2nd period - Wrist shot by Patric Hornqvist.
9:21 of 2nd period - Stopped by Darcy Kuemper without a rebound.
9:22 of 2nd period - Scott Laughton wins face-off versus Nazem Kadri in Panthers zone.
9:29 of 2nd period - Slapshot by Alexander Barabanov.
9:29 of 2nd period - Shot Blocked by Niko Mikkola.
9:45 of 2nd period - Jason Zucker is hit by Ondrej Kase and loses puck.
9:49 of 2nd period - Scott Laughton is hit by Ondrej Kase.
10:20 of 2nd period - Snap shot by Nazem Kadri.
10:20 of 2nd period - Shot Misses the Net.
10:41 of 2nd period - Wrist shot by Jason Zucker.
10:41 of 2nd period - Stopped by Darcy Kuemper with a rebound.
10:43 of 2nd period - Snap shot by Olli Maatta.
10:43 of 2nd period - Stopped by Darcy Kuemper with a rebound.
10:45 of 2nd period - Slapshot by T.J. Brodie.
10:45 of 2nd period - Shot Misses the Net.
10:47 of 2nd period - Slapshot by T.J. Brodie.
10:47 of 2nd period - Stopped by Darcy Kuemper without a rebound.
10:48 of 2nd period - Steven Lorentz wins face-off versus Jack Hughes in Panthers zone.
11:02 of 2nd period - Slapshot by Jack Hughes.
11:02 of 2nd period - Stopped by Kaapo Kahkonen without a rebound.
11:03 of 2nd period - Bo Horvat wins face-off versus Colin White in Coyotes zone.
11:30 of 2nd period - Icing by Darnell Nurse.
11:31 of 2nd period - Zack Kassian wins face-off versus Jonathan Drouin in Coyotes zone.
11:31 of 2nd period - Zack Kassian is hit by Devin Shore.
11:59 of 2nd period - Slapshot by Matt Duchene.
11:59 of 2nd period - Deflect By Tomas Tatar.
11:59 of 2nd period - Stopped by Darcy Kuemper with a rebound.
12:07 of 2nd period - Wrist shot by Matt Duchene.
12:07 of 2nd period - Shot Blocked by Adam Lowry.
12:09 of 2nd period - Wrist shot by Matt Duchene.
12:09 of 2nd period - Shot Blocked by Bo Horvat.
12:27 of 2nd period - Wrist shot by Bo Horvat.
12:27 of 2nd period - Stopped by Kaapo Kahkonen without a rebound.
12:28 of 2nd period - Jesper Fast wins face-off versus Steven Lorentz in Coyotes zone.
12:29 of 2nd period - Snap shot by Jack Hughes.
12:29 of 2nd period - Stopped by Kaapo Kahkonen without a rebound.
12:30 of 2nd period - Jack Hughes wins face-off versus Steven Lorentz in Coyotes zone.
12:31 of 2nd period - Wrist shot by Jaden Schwartz.
12:31 of 2nd period - Goal by Jaden Schwartz - Panthers : 4 - Coyotes : 1.
12:32 of 2nd period - Jack Hughes wins face-off versus Steven Lorentz in neutral zone.
13:06 of 2nd period - Wrist shot by Bo Horvat.
13:06 of 2nd period - Stopped by Kaapo Kahkonen with a rebound.
13:08 of 2nd period - Snap shot by Dmitry Orlov.
13:08 of 2nd period - Deflect By Bo Horvat.
13:08 of 2nd period - Shot Blocked by Devin Shore.
13:08 of 2nd period - Puck is out of play.
13:09 of 2nd period - Jack Hughes wins face-off versus Matt Duchene in Coyotes zone.
13:09 of 2nd period - Jaden Schwartz is hit by Ivan Provorov and loses puck.
13:15 of 2nd period - Off-side.
13:16 of 2nd period - Matt Duchene wins face-off versus Jack Hughes in neutral zone.
14:02 of 2nd period - Icing by Darnell Nurse.
14:03 of 2nd period - Scott Laughton wins face-off versus Adam Lowry in Coyotes zone.
14:30 of 2nd period - Snap shot by Jack Hughes.
14:30 of 2nd period - Stopped by Kaapo Kahkonen with a rebound.
14:32 of 2nd period - Wrist shot by Jesper Fast.
14:32 of 2nd period - Shot Misses the Net.
14:34 of 2nd period - Slapshot by Dmitry Orlov.
14:34 of 2nd period - Deflect By Steven Lorentz.
14:34 of 2nd period - Stopped by Kaapo Kahkonen without a rebound.
14:35 of 2nd period - Jack Hughes wins face-off versus Steven Lorentz in Coyotes zone.
14:48 of 2nd period - Snap shot by Jaden Schwartz.
14:48 of 2nd period - Deflect By Jack Hughes.
14:48 of 2nd period - Stopped by Kaapo Kahkonen without a rebound.
14:49 of 2nd period - Matt Duchene wins face-off versus Jack Hughes in Coyotes zone.
14:53 of 2nd period - Off-side.
14:54 of 2nd period - Matt Duchene wins face-off versus Jack Hughes in neutral zone.
14:54 of 2nd period - Matt Duchene is hit by Jesper Fast.
15:53 of 2nd period - Jeff Petry is hit by Connor Clifton and loses puck.
16:12 of 2nd period - Slapshot by Bo Horvat.
16:12 of 2nd period - Shot Misses the Net.
16:14 of 2nd period - Slapshot by Dmitry Orlov.
16:14 of 2nd period - Stopped by Kaapo Kahkonen with a rebound.
16:16 of 2nd period - Wrist shot by Adam Lowry.
16:16 of 2nd period - Stopped by Kaapo Kahkonen without a rebound.
16:17 of 2nd period - Jack Hughes wins face-off versus Steven Lorentz in Coyotes zone.
16:24 of 2nd period - Wrist shot by Jack Hughes.
16:24 of 2nd period - Shot Misses the Net.
16:30 of 2nd period - Wrist shot by Steven Lorentz.
16:30 of 2nd period - Stopped by Darcy Kuemper with a rebound.
16:32 of 2nd period - Slapshot by Darnell Nurse.
16:32 of 2nd period - Deflect By Jack Hughes.
16:32 of 2nd period - Stopped by Darcy Kuemper with a rebound.
16:42 of 2nd period - Tomas Tatar is hit by Niko Mikkola.
16:49 of 2nd period - Ondrej Kase is hit by Olli Maatta and loses puck.
17:39 of 2nd period - Slapshot by Dmitry Kulikov.
17:39 of 2nd period - Deflect By Jack Hughes.
17:39 of 2nd period - Shot Misses the Net.
17:39 of 2nd period - Puck is out of play.
17:40 of 2nd period - Jack Hughes wins face-off versus Colin White in Coyotes zone.
18:04 of 2nd period - Matt Duchene is hit by Eetu Luostarinen and loses puck.
18:43 of 2nd period - Icing by Alexander Barabanov.
18:44 of 2nd period - Steven Lorentz wins face-off versus Jack Hughes in Coyotes zone.
19:11 of 2nd period - Snap shot by Matt Duchene.
19:11 of 2nd period - Goal by Matt Duchene - Panthers : 4 - Coyotes : 2.
19:12 of 2nd period - Jack Hughes wins face-off versus Steven Lorentz in neutral zone.
19:12 of 2nd period - Jack Hughes is hit by Devin Shore.
19:37 of 2nd period - Eetu Luostarinen is hit by Jonathan Drouin.
Goals for this period are 1 for Panthers vs 1 for Coyotes.
Shots for this period are 16 for Panthers vs 12 for Coyotes.

3rd period


0:01 of 3rd period - Steven Lorentz wins face-off versus Jack Hughes in neutral zone.
0:04 of 3rd period - Slapshot by T.J. Brodie.
0:04 of 3rd period - Shot Misses the Net.
0:26 of 3rd period - Matt Duchene is hit by Ondrej Kase and loses puck.
0:53 of 3rd period - Snap shot by Adam Lowry.
0:53 of 3rd period - Shot Misses the Net.
1:02 of 3rd period - Icing by Olli Maatta.
1:03 of 3rd period - Michael McLeod wins face-off versus Colin White in Coyotes zone.
1:06 of 3rd period - Slapshot by Jack Hughes.
1:06 of 3rd period - Shot Blocked by Olli Maatta.
1:16 of 3rd period - Snap shot by Colin White.
1:16 of 3rd period - Shot Blocked by Dmitry Orlov.
1:18 of 3rd period - Slapshot by Devin Shore.
1:18 of 3rd period - Shot Misses the Net.
1:50 of 3rd period - Snap shot by Devin Shore.
1:50 of 3rd period - Stopped by Darcy Kuemper without a rebound.
1:51 of 3rd period - Colin White wins face-off versus Jack Hughes in Panthers zone.
2:01 of 3rd period - Minor Penalty to Jaden Schwartz for Tripping.
2:02 of 3rd period - Scott Laughton wins face-off versus Nazem Kadri in Panthers zone.
2:14 of 3rd period - Slapshot by Tomas Tatar.
2:14 of 3rd period - Stopped by Darcy Kuemper without a rebound.
2:15 of 3rd period - Matt Duchene wins face-off versus Jack Hughes in Panthers zone.
2:40 of 3rd period - Bo Horvat is hit by T.J. Brodie and loses puck.
3:09 of 3rd period - Scott Laughton is hit by Nazem Kadri and loses puck.
4:01 of 3rd period - Penalty to Jaden Schwartz is over, Jaden Schwartz is back on ice.
4:42 of 3rd period - Dmitry Kulikov is hit by Colin White and loses puck.
5:03 of 3rd period - Nazem Kadri is hit by Evgeny Kuznetsov.
5:21 of 3rd period - Devin Shore is hit by Jeff Petry.
6:03 of 3rd period - Icing by Mason Appleton.
6:04 of 3rd period - Bo Horvat wins face-off versus Colin White in Panthers zone.
7:12 of 3rd period - Slapshot by Darnell Nurse.
7:12 of 3rd period - Shot Blocked by Axel Sandin-Pellikka.
7:14 of 3rd period - Snap shot by Alexander Barabanov.
7:14 of 3rd period - Shot Blocked by Zack Kassian.
7:28 of 3rd period - Nazem Kadri is hit by Matt Duchene.
7:50 of 3rd period - Snap shot by Colin White.
7:50 of 3rd period - Shot Misses the Net.
8:02 of 3rd period - Marco Scandella is hit by Dmitry Orlov and loses puck.
8:32 of 3rd period - Wrist shot by Nazem Kadri.
8:32 of 3rd period - Stopped by Kaapo Kahkonen without a rebound.
8:33 of 3rd period - Matt Duchene wins face-off versus Michael McLeod in Coyotes zone.
8:43 of 3rd period - Icing by Dmitry Orlov.
8:44 of 3rd period - Michael McLeod wins face-off versus Steven Lorentz in Panthers zone.
8:44 of 3rd period - Michael McLeod is hit by Patric Hornqvist.
9:08 of 3rd period - Michael McLeod is hit by Steven Lorentz and loses puck.
9:42 of 3rd period - Off-side.
9:43 of 3rd period - Scott Laughton wins face-off versus Nazem Kadri in neutral zone.
9:46 of 3rd period - Ethan Bear is hit by Darnell Nurse.
9:56 of 3rd period - Snap shot by Nazem Kadri.
9:56 of 3rd period - Shot Misses the Net.
9:58 of 3rd period - Wrist shot by Ethan Bear.
9:58 of 3rd period - Stopped by Kaapo Kahkonen with a rebound.
10:15 of 3rd period - Snap shot by Alexander Barabanov.
10:15 of 3rd period - Stopped by Darcy Kuemper with a rebound.
10:17 of 3rd period - Slapshot by Marco Scandella.
10:17 of 3rd period - Deflect By Jason Zucker.
10:17 of 3rd period - Shot Blocked by Ethan Bear.
10:17 of 3rd period - Puck is out of play.
10:18 of 3rd period - Matt Duchene wins face-off versus Nazem Kadri in Panthers zone.
11:03 of 3rd period - Slapshot by Jaden Schwartz.
11:03 of 3rd period - Shot Misses the Net.
11:34 of 3rd period - Backhand shot by Bo Horvat.
11:34 of 3rd period - Goal by Bo Horvat - Panthers : 5 - Coyotes : 2.
11:35 of 3rd period - Steven Lorentz wins face-off versus Jack Hughes in neutral zone.
11:38 of 3rd period - Snap shot by Patric Hornqvist.
11:38 of 3rd period - Shot Misses the Net.
11:40 of 3rd period - Snap shot by Devin Shore.
11:40 of 3rd period - Deflect By Steven Lorentz.
11:40 of 3rd period - Stopped by Darcy Kuemper without a rebound.
11:41 of 3rd period - Steven Lorentz wins face-off versus Jack Hughes in Panthers zone.
12:06 of 3rd period - Minor Penalty to Steven Lorentz for Slashing.
12:07 of 3rd period - Bo Horvat wins face-off versus Patric Hornqvist in Coyotes zone.
13:00 of 3rd period - Wrist shot by Jack Hughes.
13:00 of 3rd period - Shot Blocked by Olli Maatta.
14:06 of 3rd period - Penalty to Steven Lorentz is over, Steven Lorentz is back on ice.
16:01 of 3rd period - T.J. Brodie is hit by Eetu Luostarinen and loses puck.
17:07 of 3rd period - Ivan Provorov is hit by Jaden Schwartz and loses puck.
18:22 of 3rd period - Icing by Darnell Nurse.
18:23 of 3rd period - Colin White wins face-off versus Bo Horvat in Coyotes zone.
18:56 of 3rd period - Jonathan Drouin is hit by Nazem Kadri and loses puck.
19:34 of 3rd period - Snap shot by Steven Lorentz.
19:34 of 3rd period - Shot Misses the Net.
19:36 of 3rd period - Wrist shot by Devin Shore.
19:36 of 3rd period - Shot Misses the Net.
19:38 of 3rd period - Snap shot by Patric Hornqvist.
19:38 of 3rd period - Stopped by Darcy Kuemper with a rebound.
19:50 of 3rd period - Devin Shore is hit by Eetu Luostarinen.
Goals for this period are 1 for Panthers vs 0 for Coyotes.
Shots for this period are 3 for Panthers vs 5 for Coyotes.